 Dungeon Crawl Stone Soup version 0.30.1-11-g7821555f0a (webtiles) character file.

Game seed: 6727025475709925358

711 Kranky the Charlatan (level 7, -2/78 HPs)
             Began as a Demonspawn Artificer on Dec 7, 2023.
             Was an Initiate of Qazlal.
             Succumbed to a water moccasin's poison
             ... on level 5 of the Dungeon.
             The game lasted 00:06:45 (4463 turns).

Kranky the Charlatan (Demonspawn Artificer)         Turns: 4463, Time: 00:06:46

Health: -2/78      AC: 23    Str: 15    XL:     7   Next: 40%
Magic:  7/7        EV:  2    Int: 12    God:    Qazlal [......]
Gold:   186        SH:  0    Dex: 13    Spells: 6/6 levels left

rFire   + . .        g - +2 mace (drain)
rCold   + . .        (no shield)
rNeg    . . .        r - melded +0 pearl dragon scales
rPois   +            p - melded +0 helmet
rElec   +            (cloak currently unavailable)
rCorr   +            (gloves currently unavailable)
SInv    .            (boots currently unavailable)
Will    .....        (no amulet)
Stlth   ++           (no ring)
HPRegen 0.33/turn    (no ring)
MPRegen 0.10/turn

%: no passive effects
@: lethally poisoned (-2 -> -17), tree-form, resistant
A: stationary, stasis, torment immunity, boosted hp, (icy blue scales 3), ignite
blood 1, powered by death 1
a: Renounce Religion


You were on level 5 of the Dungeon.
You worshipped Qazlal.
Qazlal was noncommittal.
You were a tree.
You visited 2 branches of the dungeon, and saw 6 of its levels.

You collected 186 gold pieces.

Inventory:

Hand Weapons
 a - a +0 club
 g - a +2 mace of draining (weapon)
Armour
 b - a +0 leather armour
 f - a +0 ring mail
 m - a +0 chain mail
 p - a +0 helmet (melded)
 r - +0 pearl dragon scales (melded)
Wands
 c - a wand of flame (45) (quivered)
 d - a wand of charming (15)
 e - a wand of iceblast (2)
Scrolls
 h - 4 scrolls of identify {unknown}
 j - a scroll of teleportation {unknown}
 n - 4 scrolls of fear {unknown}
 o - 2 scrolls of blinking {unknown}
 w - a scroll of enchant weapon {unknown}
 x - a scroll of fog {unknown}
Potions
 i - a potion of heal wounds {unknown}
 k - a potion of ambrosia {unknown}
 l - a potion of berserk rage {unknown}
 q - a potion of brilliance {unknown}
 s - a potion of cancellation {unknown}
 u - a potion of curing {unknown}
 v - a potion of lignification


   Skills:
 + Level 3.3 Fighting
 + Level 2.7 Maces & Flails
 + Level 3.5 Armour
 + Level 3.0 Dodging
 + Level 3.2 Stealth
 + Level 4.3 Evocations


You had 6 spell levels left.
You didn't know any spells.
Your spell library contained the following spells:

 Spells                   Type           Power      Damage    Failure   Level
 Sandblast                Erth           0%         2d4       32%         1
 Passwall                 Tmut/Erth      0%         N/A       45%         2
 Stone Arrow              Conj/Erth      0%         3d7       69%         3


Dungeon Overview and Level Annotations

Branches:
Dungeon (5/15)             Temple (1/1) D:4

Altars:
Kikubaaqudgha
Nemelex Xobeh
Qazlal
Ru
Trog
Uskayaw
Xom
Yredelemnul

Shops:
D:3 ?

Annotations:
D:5 Ijyb


Innate Abilities, Weirdness & Mutations

You are a tree.
Your roots penetrate the ground, keeping you stationary.
You cannot be teleported.
You are immune to unholy pain and torment.
Your maximum health is greatly increased.
Your equipment is partially melded.
((You are completely covered in icy blue scales. (AC +4, rC+)))
Your demonic aura sometimes causes spilled blood to erupt in flames.
You regenerate a little health from kills.


Message History

You closely miss the water moccasin.
The water moccasin is moderately wounded.
The water moccasin bites you but does no damage. x2
You hit the water moccasin.
The water moccasin is heavily wounded.
The water moccasin bites you.
You are poisoned.
The water moccasin poisons you! The water moccasin barely misses you.
You barely miss the water moccasin.
The water moccasin is heavily wounded.
You feel very sick.
The water moccasin completely misses you.
You are too injured to fight recklessly!
You are too injured to fight recklessly!
You are too injured to fight recklessly!
The water moccasin attacks as you move away!
The water moccasin bites you.
You are lethally poisoned!
The water moccasin poisons you!
* * * LOW HITPOINT WARNING * * *
You feel very sick. The water moccasin bites you.
* * * LOW HITPOINT WARNING * * *
The water moccasin attacks as you move away!
The water moccasin bites you.
* * * LOW HITPOINT WARNING * * *
You are more poisoned.
The water moccasin poisons you!
* * * LOW HITPOINT WARNING * * *
You feel very sick.
It was a potion of lignification.
You turn into a tree.
Your +0 helmet melds into your body.
Your +0 pearl dragon scales melds into your body.
Your roots penetrate the ground.
* * * LOW HITPOINT WARNING * * *
You feel very sick.
The water moccasin bites you but does no damage. x2
It was a potion of resistance.
You feel protected.
You die...

...# ##.......#
#..........# .##
#.......##
...g.......
#........#
..g.......
#........#
#.........
##.......##
#.g.[..#
#........#
#..!..#
#.......>#
##..###
##......g####g.##
#....<♣S.#...##
##......#ggg##
##.....##.##
##...###... #####
#..... ........
........
.........
.........


You could see a water moccasin (drained), Ijyb, a hobgoblin and 2 goblins.

Vanquished Creatures
  Grinder (D:3)
  2 phantoms (D:4)
  2 orc priests
  Jessica (D:2)
  Natasha (thrice) (D:2)
  An orc wizard (Temple)
  Robin (D:2)
  6 adders
  3 worms
  11 orcs
  4 ball pythons
  4 endoplasms
  3 giant cockroaches
  13 hobgoblins
  3 jackals (D:4)
  6 kobolds
  5 quokkas
  3 bats
  2 frilled lizards
  20 goblins
  2 rats (D:1)
96 creatures vanquished.

Notes
Turn   | Place    | Note
-------+----------+-------------------------------------------
     0 | D:1      | Kranky the Demonspawn Artificer began the quest for the
                  | Orb.
     0 | D:1      | Reached XP level 1. HP: 15/15 MP: 1/1
   104 | D:1      | Reached skill level 1 in Dodging
   104 | D:1      | Reached skill level 1 in Stealth
   322 | D:1      | Gained mutation: You regenerate a little health from kills.
                  | [demonic ancestry]
   322 | D:1      | Reached XP level 2. HP: 21/21 MP: 2/2
   652 | D:2      | Gained mutation: You are partially covered in icy blue
                  | scales. (AC +2) [demonic ancestry]
   652 | D:2      | Reached XP level 3. HP: 26/26 MP: 3/3
   665 | D:2      | Noticed Robin
   672 | D:2      | Killed Robin
   691 | D:2      | Noticed Natasha
   793 | D:2      | Reached skill level 1 in Maces & Flails
   817 | D:2      | Reached XP level 4. HP: 28/33 MP: 4/4
   937 | D:2      | Noticed Jessica
   940 | D:2      | Killed Jessica
  1282 | D:2      | Killed Natasha
  1803 | D:2      | Noticed Natasha
  1811 | D:2      | Killed Natasha
  1812 | D:2      | Gained mutation: You are mostly covered in icy blue scales.
                  | (AC +3) [demonic ancestry]
  1812 | D:2      | Reached XP level 5. HP: 32/38 MP: 5/5
  2100 | D:2      | Noticed Natasha
  2107 | D:2      | Killed Natasha
  2385 | D:3      | Found a faded altar of an unknown god.
  2422 | D:3      | Noticed Grinder
  2433 | D:3      | Killed Grinder
  2434 | D:3      | Gained mutation: You are completely covered in icy blue
                  | scales. (AC +4, rC+) [demonic ancestry]
  2434 | D:3      | Reached XP level 6. HP: 21/46 MP: 6/6
  2607 | D:3      | Found Xaaw's Magic Scroll Shop.
  2931 | D:3      | Reached skill level 4 in Evocations
  3442 | D:4      | Found a sparkling altar of Nemelex Xobeh.
  3741 | D:4      | Gained mutation: Your demonic aura sometimes causes spilled
                  | blood to erupt in flames. [demonic ancestry]
  3741 | D:4      | Reached XP level 7. HP: 52/52 MP: 7/7
  3745 | D:4      | Found a staircase to the Ecumenical Temple.
  3822 | Temple   | Entered the Ecumenical Temple
  3930 | Temple   | Became a worshipper of Qazlal Stormbringer
  4410 | D:5      | Entered Level 5 of the Dungeon
  4443 | D:5      | Noticed Ijyb
  4462 | D:5      | HP: 2/78 [poisoned by a water moccasin]
  4463 | D:5      | Succumbed to a water moccasin's poison

Illustrated notes

Levels and vault maps discovered:
D:1:      zaba_arrival_water, layout_basic, hangedman_decor_slide_cut
D:2:      layout_loops_cross, uniq_robin, uniq_natasha, uniq_jessica
D:3:      layout_basic, shapermc_ecumenical_altar_acropolis, serial_shops, shop,
          uniq_grinder
D:4:      layout_basic, elyvilon_altar_5, nemelex_xobeh_ov_fountains_minmay,
          minmay_temple_entry_ruins
D:5:      layout_cave_pods, nicolae_wu_jian_wuxing_cycle, nicolae_goblin_pals
Temple:   nicolae_temple_colour_theory

Skill      XL: |  1  2  3  4  5  6  7 |
---------------+----------------------+-----
Dodging        | 1 2 3 |  3.0
Stealth        | 1 2 3 |  3.2
Armour         | 2 3 |  3.5
Maces & Flails | 1 2 |  2.7
Fighting       | 2 3 |  3.3
Evocations     | 4 |  4.3

Action                     |  1- 3 |  4- 6 |  7- 9 || total
---------------------------+-------+-------+-------++-------
  Melee: Mace              |    68 |   152 |    51 ||   271
         Punch             |     1 |     1 |       ||     2
  Evoke: Wand              |       |     3 |       ||     3
    Use: Potion            |       |       |     2 ||     2
   Stab: Sleeping          |     1 |       |       ||     1
 Armour: Ring mail         |    32 |     9 |       ||    41
         Pearl dragon scal |       |    85 |    69 ||   154
         Skin              |       |       |     2 ||     2
  Dodge: Dodged            |    32 |    77 |    44 ||   153
